 Dungeon Crawl Stone Soup version 0.22-a0-75-g1fede22 (webtiles) character file.

475 KristoblXynda the Shield-Bearer (level 7, -7/52 HPs)
             Began as a Formicid Fighter on Jan 12, 2018.
             Killed by divine providence
             ... invoked by an orc priest
              (15 damage)
             ... on level 4 of the Dungeon.
             The game lasted 00:04:40 (2689 turns).

KristoblXynda the Shield-Bearer (Formicid Fighter)  Turns: 2689, Time: 00:04:42

Health: -7/52      AC:  8    Str: 20      XL:     7   Next: 32%
Magic:  7/7        EV:  8    Int: 14      God:
Gold:   205        SH: 10    Dex:  9 (11) Spells: 6/6 levels left

rFire    . . .     SeeInvis +   a - +0 long sword
rCold    + . .     Gourm    .   c - +0 shield
rNeg     . . .     Faith    .   b - +0 scale mail
rPois    .         Spirit   .   (helmet unavailable)
rElec    .         Reflect  .   l - +0 cloak
rCorr    .         Harm     .   (no gloves)
MR       .....                  (no boots)
Stlth    ..........             (no amulet)
HPRegen  0.17/turn              g - ring of protection from cold
MPRegen  0.10/turn              (no ring)

@: brilliant
A: permanent stasis, dig shafts and tunnels, four strong arms, antennae 3
a: Dig, Shaft Self


You were on level 4 of the Dungeon.
You were not hungry.

You visited 1 branch of the dungeon, and saw 4 of its levels.

You collected 205 gold pieces.

Inventory:

Hand Weapons
 a - a +0 long sword (weapon)
Armour
 b - a +0 scale mail (worn)
 c - a +0 shield (worn)
 l - a +0 cloak (worn)
Jewellery
 g - a ring of protection from cold (left hand)
 h - an uncursed ring of protection from cold
 u - an uncursed ring of stealth {unknown}
Scrolls
 e - a scroll of noise {unknown}
 m - 3 scrolls of fear {unknown}
 n - 2 scrolls of identify {unknown}
 o - a scroll of enchant weapon {unknown}
 p - 2 scrolls of teleportation {unknown}
 q - a scroll of enchant armour {unknown}
Potions
 d - a potion of might
 i - 2 potions of magic
 j - a potion of heal wounds {unknown}
 k - a potion of curing
 r - a potion of haste {unknown}
 s - a potion of brilliance
Comestibles
 f - 5 rations


   Skills:
 - Level 3.2 Fighting
 + Level 4.5 Long Blades
 + Level 5.6 Armour
 + Level 6.2 Shields


You had 6 spell levels left.
You didn't know any spells.

Dungeon Overview and Level Annotations

Branches:
Dungeon (4/15)
 Temple: D:4-7

Altars:
Dithmenos
Elyvilon
Fedhas
Okawaru
Xom
Yredelemnul
The Shining One


Innate Abilities, Weirdness & Mutations

You cannot be hasted, slowed, berserked, paralysed or teleported.
You can dig through walls and to a lower floor.
Your four strong arms can wield two-handed weapons with a shield.
You have a pair of large antennae on your head. (SInv)


Message History

You slash the orc!
You kill the orc!
You block the orc wizard's attack.
You hit the orc wizard.
The orc wizard is lightly wounded.
The orc priest invokes the aid of Beogh against you.
Beogh smites you!
The orc wizard casts a spell.
The orc wizard flickers and vanishes for a moment.
You closely miss the orc wizard.
The orc wizard is lightly wounded.
The orc wizard hits you but does no damage.
It was a potion of brilliance.
You feel clever all of a sudden.
The orc wizard points at you and mumbles some strange words.
The puff of flame hits you!
* * * LOW HITPOINT WARNING * * *
The orc priest mumbles some strange prayers to Beogh against you.
Beogh smites you!
You die...

#.#.##. ## #......
#.. . ##..### #.# ..
#..### #.# ... #....#
#.. .... #.##.# #.#
..... #.....
#.#####...... ###..#
#....@oo..... #.##
#†#####...... #.#
#.########### #.#
#........# #.#
#..####..# #.#
#..####..##########.#
#................†..#
##.####..############
#.......#


You could see an orc priest and an orc wizard (invisible).

Vanquished Creatures
  Menkaure (D:4)
  An ogre (D:4)
  A scorpion (D:4)
  3 worker ants (D:4)
  3 gnolls (D:2)
  4 adders
  A worm (D:3)
  2 dart slugs
  2 leopard geckos (D:3)
  2 orcs
  2 giant cockroaches
  7 hobgoblins
  6 jackals
  3 quokkas
  8 bats
  5 frilled lizards
  9 goblins
  10 kobolds
  14 rats
84 creatures vanquished.

Notes
Turn   | Place    | Note
-------+----------+-------------------------------------------
     0 | D:1      | KristoblXynda the Formicid Fighter began the quest for the Orb.
     0 | D:1      | Reached XP level 1. HP: 18/18 MP: 1/1
    52 | D:1      | Reached XP level 2. HP: 24/24 MP: 2/2
   177 | D:1      | Reached skill level 4 in Shields
   297 | D:1      | Reached XP level 3. HP: 19/29 MP: 3/3
   785 | D:2      | Found a shimmering altar of Xom.
   886 | D:2      | Reached XP level 4. HP: 35/35 MP: 4/4
  1254 | D:2      | Found a basalt altar of Yredelemnul.
  1254 | D:2      | Found an iron altar of Okawaru.
  1499 | D:3      | Reached XP level 5. HP: 39/41 MP: 5/5
  1670 | D:3      | Found a blossoming altar of Fedhas.
  1796 | D:3      | Found a shadowy altar of Dithmenos.
  1863 | D:3      | Found a glowing golden altar of the Shining One.
  1891 | D:3      | Found a white marble altar of Elyvilon.
  1916 | D:3      | Reached skill level 5 in Shields
  2153 | D:4      | Noticed Menkaure
  2154 | D:4      | Noticed an ogre
  2164 | D:4      | Killed Menkaure
  2164 | D:4      | Reached skill level 5 in Armour
  2164 | D:4      | Reached XP level 6. HP: 32/47 MP: 6/6
  2171 | D:4      | Killed an ogre
  2171 | D:4      | Reached XP level 7. HP: 26/52 MP: 7/7
  2205 | D:4      | Reached skill level 6 in Shields
  2689 | D:4      | Killed from afar by an orc priest

Vault maps used:
D:1:      mrwooster_arrival_arrow
D:2:      tgw_xom, gammafunk_temple_overflow_wave
D:3:      elyvilon_altar_4, overflow_temple_1_default, grunt_dithmenos_smoke,
          overflow_temple_1_default, grunt_decor_clamped
D:4:      first_ration, uniq_menkaure

Skill      XL: |  1  2  3  4  5  6  7 |
---------------+----------------------+-----
Shields        | 4 5 6 |  6.2
Armour         | 4 5 |  5.6
Long Blades    | 3 4 |  4.5
Fighting       | |  3.2

Action                   |  1- 3 |  4- 6 |  7- 9 || total
-------------------------+-------+-------+-------++-------
Melee: Long sword        |   141 |   129 |    61 ||   331
  Use: Potion            |       |     3 |     1 ||     4
  Eat: Chunk             |       |     4 |       ||     4
       Ration            |       |     1 |       ||     1
Armor: Scale mail        |    99 |    45 |    24 ||   168
Dodge: Dodged            |    60 |    49 |    13 ||   122
Block: Shield            |   104 |    69 |    38 ||   211
       Rpst.: Long sword |    18 |    13 |     6 ||    37

Table legend:
 A = Spawn XP
 B = Non-spawn XP
 C = Spawn XP percentage of total XP
 D = Spawn monster count
 E = Non-spawn monster count
 F = Spawn count percentage of total count
 G = Total turns spent on level
                    A         B        C        D         E        F      G
               +---------+---------+-------+---------+---------+-------+---------
         Total |       0 |     679 |   0.0 |       0 |      84 |   0.0 |  2689
               +---------+---------+-------+---------+---------+-------+---------
           D:1 |       0 |      49 |   0.0 |       0 |      32 |   0.0 |   630
           D:2 |       0 |      87 |   0.0 |       0 |      24 |   0.0 |   860
           D:3 |       0 |      56 |   0.0 |       0 |      16 |   0.0 |   614
           D:4 |       0 |     487 |   0.0 |       0 |      12 |   0.0 |   585
               +---------+---------+-------+---------+---------+-------+---------
